cohdb
Replays
Latest Replays
All Replays
Popular Replays
Top Player Replays
Match Explorer
How It Works
Community
CoH3 Stats
Reddit
Sign in to upload your games and track your stats! →
Sign in with Steam
Match 43467648
Unlisted
Match 43467648
Overview
Messages
Build Orders
End
Kradschützen Motorcycle Team
Selects Panzerjäger Kommand Battlegroup
Selects Mine Fields
Panzergrenadier Squad
Panzergrenadier Squad
Construct Light Support Kompanie
Panzergrenadier Squad
Fire Support Elements
2.5-tonne Medical Truck
Selects Defensive Positions
Flakvierling Half-track
Panzerjäger Mechanized Group
Vehicle Survival Package
Veteran Squad Leaders
Panzerjäger Squad
Construct Panzerarmee Kommand
2.5-tonne Medical Truck
Assault Mechanized Group
Selects Tank Busters
Selects Crew Shock Tactics
Selects Butterfly Bomb Drop
^3
Jamin
0
0
Comments
sign in to comment!
No comments posted yet!